Cogmind - Beta 10.2 @@@ ROGUE MODE // 2021.10.27 @ 16:50:52 Player: ktur Result: Destroyed by P-80 Master with Gamma Rifle Performance ------------- Evolutions (7) 3500 Regions Visited (26) 5200 Robots Destroyed (228) 1140 Value Destroyed (7229) 7229 Prototype IDs (39) 780 Alien Tech Used (0) 0 Bonus (1115) 1115 TOTAL SCORE: 18964 Bonus ------- High Alert Combat Kills 530 Follower Combat Kills 275 Met Data Miner 300 Met Imprinter 300 Met Zhirov 300 Friendly Fire -590 Cogmind --------- Core Integrity 0/1300 Matter 280/300 Energy 76/100 System Corruption 10% Temperature Cool (0) Movement Core (100) Ox1 Location -3/Research Parts ------- > --- POWER (2) -------- (None) > --- PROPULSION (4) --- (None) > --- UTILITY (13) ----- Enhanced Optical Array Experimental Armor Integrity Analyzer Advanced Hacking Suite Advanced Hacking Suite > --- WEAPON (2) ------- Force Lance > --- INVENTORY (4) ---- Large Storage Unit Nanoactuators Advanced Force Field Peak State ------------ > --- POWER ------------ Micro Fission Core Light Particle Reactor > --- PROPULSION ------- Antigrav System Combat Gravmag System Improved Linear Gravjet Improved Linear Gravjet > --- UTILITY ---------- Large Storage Unit Large Storage Unit Enhanced Optical Array Experimental Armor Integrity Analyzer Advanced Cloaking Device Experimental Utility Shielding Hacking Suite Advanced Hacking Suite Advanced Hacking Suite Advanced Hacking Suite Advanced Hacking Suite Experimental System Shield > --- WEAPON ----------- Mini Smartbomb Launcher Advanced Datajack > --- INVENTORY -------- Matter Compressor Nanoactuators Advanced ECM Suite Advanced Force Field Advanced Force Field Energy Mantle Energy Mantle Advanced Trap Extractor Bomb Factory No. 2 Dirty Bomb Trap Dirty Bomb Trap Dirty Bomb Trap Dirty Bomb Trap Dirty Bomb Trap Dirty Bomb Trap [Rating: 129] Favorites ----------- Power Micro Fission Core Engine Ion Engine Power Core Micro Fission Core Reactor Light Particle Reactor Propulsion Light Treads Treads Light Treads Hover Unit Combat Gravmag System Flight Unit Improved Cesium-ion Thruster Utility Advanced Hacking Suite Device Bomb Factory No. 2 Storage Large Storage Unit Processor Enhanced Optical Array Hackware Advanced Hacking Suite Protection Improved Propulsion Shielding Weapon Kinetic Spear Energy Cannon Improved Matter Neutralizer Ballistic Gun Autogun Launcher Mini Smartbomb Launcher Special Weapon Remote Datajack Impact Weapon Hammer Slashing Weapon Great Axe Piercing Weapon Kinetic Spear Special Melee Weapon Improved Datajack Build | -11 -10 -10 -9 -9 -8 -7 -7 -7 -7 -7 -7 -6 -6 -6 -6 -6 -6 -6 -5 -5 -5 -5 -5 -4 -4 -3 ------- Run | Scr Mat Min Mat Sto Mat Fac Was Fac Low Low Dat Pro Fac Was Fac Low Low Zio Pro Fac Upp Upp Zhi Pro Fac Res Slots Evolved 14 | . . . 2 . 2 2 . . . . . . 2 . . . . . . 2 . . . . 2 2 Power 1 | . . . . . . . . . . . . . . . . . . . . . . . . . . 1 Propulsion 2 | . . . . . 1 . . . . . . . . . . . . . . . . . . . . 1 Utility 11 | . . . 2 . 1 2 . . . . . . 2 . . . . . . 2 . . . . 2 . Weapon . | . . . . . . . . . . . . . . . . . . . . . . . . . . . Parts Attached 202 | 7 6 2 11 28 23 15 2 9 1 1 . . 9 3 12 4 4 7 . 19 2 2 4 1 11 19 Power 23 | 1 . 1 2 3 3 2 . 2 . . . . 1 . 1 . . 1 . 2 . . . 1 . 3 Engine 9 | 1 . 1 2 3 . . . . . . . . . . . . . . . . . . . . . 2 Core 13 | . . . . . 3 2 . 2 . . . . 1 . 1 . . 1 . 2 . . . 1 . . Reactor 1 | . . . . . . . . . . . . . . . . . . . . . . . . . . 1 Propulsion 44 | 2 . 1 2 10 5 3 . 4 . . . . . . 1 . . . . 10 . . . . 3 3 Treads 19 | 2 . 1 2 9 5 . . . . . . . . . . . . . . . . . . . . . Leg . | . . . . . . . . . . . . . . . . . . . . . . . . . . . Wheel . | . . . . . . . . . . . . . . . . . . . . . . . . . . . Hover 12 | . . . . . . . . . . . . . . . . . . . . 6 . . . . 3 3 Flight 13 | . . . . 1 . 3 . 4 . . . . . . 1 . . . . 4 . . . . . . Utility 67 | 2 2 . 4 . 2 6 1 3 . . . . 3 3 8 1 . 6 . 5 1 2 3 . 7 8 Device 14 | . . . 1 . . . . . . . . . . 1 2 1 . . . 1 1 . 1 . 3 3 Storage 11 | 2 2 . 1 . . . . . . . . . . . 1 . . . . 2 . . . . 2 1 Processor 6 | . . . 1 . . 1 . 1 . . . . . . . . . 3 . . . . . . . . Hackware 17 | . . . . . . 5 1 1 . . . . 3 1 2 . . . . 2 . . . . 1 1 Protection 19 | . . . 1 . 2 . . 1 . . . . . 1 3 . . 3 . . . 2 2 . 1 3 Artifact . | . . . . . . . . . . . . . . . . . . . . . . . . . . . Weapon 68 | 2 4 . 3 15 13 4 1 . 1 1 . . 5 . 2 3 4 . . 2 1 . 1 . 1 5 Energy Gun . | . . . . . . . . . . . . . . . . . . . . . . . . . . . Energy Cannon 1 | . . . . . . . . . . . . . . . . . . . . . . . . . . 1 Ballistic Gun 27 | 2 4 . 3 9 9 . . . . . . . . . . . . . . . . . . . . . Ballistic Cannon . | . . . . . . . . . . . . . . . . . . . . . . . . . . . Launcher 16 | . . . . 1 4 1 . . . 1 . . 2 . 1 2 1 . . 1 . . . . . 2 Special Weapon 1 | . . . . . . . . . . . . . 1 . . . . . . . . . . . . . Impact Weapon 6 | . . . . 5 . 1 . . . . . . . . . . . . . . . . . . . . Slashing Weapon 4 | . . . . . . 1 1 . 1 . . . . . . . 1 . . . . . . . . . Piercing Weapon 8 | . . . . . . . . . . . . . 1 . 1 1 2 . . 1 1 . . . . 1 Special Melee Weapon 5 | . . . . . . 1 . . . . . . 1 . . . . . . . . . 1 . 1 1 Unidentified Prototypes 7 | . . . . 1 . . . . . . . . . . . . . 3 . 1 . . . . . 2 Parts Lost 53 | . 1 2 2 3 11 2 . 2 . . . . 1 . 1 . . . . 5 . 1 . . 2 20 Power 8 | . . 1 1 1 2 1 . . . . . . . . . . . . . 1 . . . . . 1 Propulsion 14 | . . 1 1 . 4 . . . . . . . . . . . . . . 2 . . . . . 6 Utility 17 | . . . . . 2 1 . 1 . . . . . . 1 . . . . 2 . . . . 1 9 Weapon 14 | . 1 . . 2 3 . . 1 . . . . 1 . . . . . . . . 1 . . 1 4 Highest Loss Streak 8 | . 1 1 1 1 2 2 . 2 . . . . 1 . 1 . . . . 5 . 1 . . 2 8 Average Slot Usage (%) 94 | . 99 98 98 99 95 97 100 98 92 98 100 100 98 100 92 93 93 92 93 89 92 94 94 100 94 80 Engine 3 | . 14 13 10 10 2 . . . . . . . . . . . . . . . . . . . . 2 Core 4 | . . . . . 5 6 7 7 7 7 7 7 6 6 6 6 6 6 6 4 5 5 5 5 5 2 Treads 8 | . 28 27 21 22 25 . . . . . . . . . . . . . . . . . . . . . Hover 3 | . . . . . . . . . . . . . . . . . . . . 7 17 17 17 17 15 13 Flight 8 | . . . . . . 23 23 22 23 23 23 23 20 20 19 20 20 20 20 9 . . . . . . Storage 14 | . 28 28 24 33 27 7 7 7 7 7 7 7 6 6 5 6 6 6 6 5 5 5 5 5 6 7 Processor 8 | . . . 11 11 9 7 7 7 7 7 7 7 6 6 6 6 6 11 13 11 11 11 11 11 10 9 Hackware 23 | . . . . . . 36 38 37 30 30 30 30 40 40 39 40 40 34 33 36 35 35 35 35 36 29 Protection 3 | . . . 6 . 7 . . . 7 7 7 7 6 6 5 3 . 4 6 4 . 4 3 11 9 1 Ballistic Gun 7 | . 27 28 22 20 16 . . . . . . . . . . . . . . . . . . . . . Slashing Weapon 1 | . . . . . . 4 7 7 7 7 7 7 5 . . . . . . . . . . . . . Piercing Weapon 2 | . . . . . . . . . . . . . . 6 5 3 4 6 6 5 9 8 5 5 5 1 Special Melee Weapon 1 | . . . . . . 6 7 5 . . . . 3 . . . . . . . . . 3 5 4 3 Naked Turns . | . . . . . . . . . . . . . . . . . . . . . . . . . . . Heaviest Build 79 | 16 40 40 53 55 56 18 18 20 20 21 21 21 22 22 22 20 20 18 18 39 56 56 26 26 42 79 Greatest Support 79 | 40 40 40 40 40 60 18 18 22 22 22 22 22 22 22 22 22 22 22 22 75 66 66 66 66 67 79 Greatest Overweight (x) 2 | . . . 2 1 1 . . . . . . . . . . . . . . 1 . . . . . 2 Average Overweight (x) . | . . . . 1 . . . . . . . . . . . . . . . . . . . . . . Largest Inventory Capacity 20 | 8 16 16 20 20 20 20 8 8 8 8 8 8 8 8 8 8 8 8 8 16 10 10 10 10 16 16 Average Capacity 11 | 5 8 16 16 20 20 8 8 8 8 8 8 8 8 8 7 8 8 8 8 9 10 10 10 10 10 13 Most Carried 20 | 6 13 16 17 20 20 20 7 8 8 8 8 8 8 8 8 8 8 8 8 12 10 10 10 10 10 16 Average Carried 11 | 4 8 13 16 19 19 8 7 7 8 7 8 8 7 7 7 8 8 7 8 8 9 9 8 10 9 11 Final Capacity 20 | 8 16 16 20 20 20 8 8 8 8 8 8 8 8 8 8 8 8 8 8 10 10 10 10 10 10 4 Final Carried 20 | 6 12 16 17 20 20 8 7 8 8 8 8 8 8 8 8 8 8 8 8 10 10 10 10 10 10 3 Class Distribution -------------------- 27% | Wizard-Sprinter 21% | Hauler-Mutant 21% | Wizard-Mutant 14% | Hacker-Sprinter 14% | Mutant Dominant Class ---------------- Mutant | -10/Materials Mutant | -10/Mines Mutant | -9/Materials Hauler-Mutant | -9/Storage Hauler-Mutant | -8/Materials Hacker-Sprinter | -7/Factory Hacker-Sprinter | -7/Waste Hacker-Sprinter | -7/Factory Hacker-Sprinter | -7/Lower Caves Hacker-Sprinter | -7/Lower Caves Hacker-Sprinter | -7/Data Miner Hacker-Sprinter | -6/Proximity Caves Wizard-Sprinter | -6/Factory Wizard-Sprinter | -6/Waste Wizard-Sprinter | -6/Factory Wizard-Sprinter | -6/Lower Caves Wizard-Sprinter | -6/Lower Caves Wizard-Sprinter | -6/Zion Wizard-Sprinter | -5/Proximity Caves Wizard-Sprinter | -5/Factory Wizard-Mutant | -5/Upper Caves Wizard-Mutant | -5/Upper Caves Wizard-Mutant | -5/Zhirov Wizard-Mutant | -4/Proximity Caves Wizard-Mutant | -4/Factory Wizard-Mutant | -3/Research Resources | -11 -10 -10 -9 -9 -8 -7 -7 -7 -7 -7 -7 -6 -6 -6 -6 -6 -6 -6 -5 -5 -5 -5 -5 -4 -4 -3 ----------- Run | Scr Mat Min Mat Sto Mat Fac Was Fac Low Low Dat Pro Fac Was Fac Low Low Zio Pro Fac Upp Upp Zhi Pro Fac Res Matter Collected 5719 | 306 251 120 318 1029 957 59 . 166 47 56 . 37 163 . 235 145 41 107 44 359 105 15 . 49 261 849 Remotely . | . . . . . . . . . . . . . . . . . . . . . . . . . . . Salvage Created 8069 | 100 379 139 462 1708 1573 106 . 166 . 29 . 147 411 . 195 276 19 . . 1212 65 . . . 261 821 Parts 482 | 3 25 10 41 130 87 8 . 14 . 2 . 18 17 . 18 11 2 . . 51 . . . . 12 33 Haulers Intercepted 14 | . . . 2 6 2 . . . . . . . . . . . . . . 1 . . . . . 3 Recyclers Shooed 6 | . 1 . 2 1 1 . . . . . . . . . . . . . . 1 . . . . . . Parts Field Recycled . | . . . . . . . . . . . . . . . . . . . . . . . . . . . Retrieved Matter . | . . . . . . . . . . . . . . . . . . . . . . . . . . . Parts Self-Destructed 27 | . . . . . . . . . . 2 . 11 . . . 4 2 . . . . 8 . . . . Prevented 9 | . . . . . . . . . . 1 . . . . . . . . 1 . . 7 . . . . Kills | -11 -10 -10 -9 -9 -8 -7 -7 -7 -7 -7 -7 -6 -6 -6 -6 -6 -6 -6 -5 -5 -5 -5 -5 -4 -4 -3 ------- Run | Scr Mat Min Mat Sto Mat Fac Was Fac Low Low Dat Pro Fac Was Fac Low Low Zio Pro Fac Upp Upp Zhi Pro Fac Res Combat Hostiles Destroyed 159 | . 11 5 14 32 34 6 . . . 2 . 9 2 . 5 10 3 . . 9 . . . . 2 15 Melee 13 | . . . . . . . . . . . . 1 1 . 1 1 . . . 6 . . . . 2 1 Guns 80 | . 11 5 14 26 24 . . . . . . . . . . . . . . . . . . . . . Cannons 1 | . . . . . . . . . . . . . . . . . . . . . . . . . . 1 AOE 62 | . . . . 6 10 4 . . . 2 . 8 1 . 4 9 3 . . 3 . . . . . 12 Classes Destroyed 15 | 1 3 . 2 5 1 . . . . . . 1 . . . 1 . . . 1 . . . . . . Worker 9 | . . . . 3 3 1 . . . . . . . . 2 . . . . . . . . . . . Builder 5 | . . . . 2 . 1 . . . . . . . . . . . . . 2 . . . . . . Tunneler 2 | . . . . . . . . . . . . . . . . . . . . 1 . . . . . 1 Hauler 14 | . . . 2 6 2 . . . . . . . . . . . . . . 1 . . . . . 3 Recycler 12 | 1 . . . . 1 . . . . . . . 3 . . . . . . 4 . . . . 1 2 Operator 17 | . 1 . 2 4 4 . . 2 . . . . . . . . . . . 4 . . . . . . Watcher 9 | . . . . 1 . . . 4 . . . . . . 2 . . . . 2 . . . . . . Swarmer 60 | . 3 3 10 . 7 6 . . . 2 . 8 . . 3 3 3 . . 3 . . . . . 9 Grunt 60 | . 8 2 3 19 20 . . . . . . . . . . 6 . . . . . . . . . 2 Brawler 2 | . . . . 2 . . . . . . . . . . . . . . . . . . . . . . Duelist 1 | . . . . . . . . . . . . . . . . 1 . . . . . . . . . . Protector 1 | . . . . 1 . . . . . . . . . . . . . . . . . . . . . . Sentry 20 | . . . 1 10 6 . . . . . . . . . . . . . . 2 . . . . . 1 Hunter 5 | . . . . . 1 . . . . . . . . . 1 . . . . 3 . . . . . . Programmer 10 | . . . . . . . . . . . . 1 2 . 1 . . . . 1 . . . . 2 3 Decomposer 1 | . . . . . . . . . . 1 . . . . . . . . . . . . . . . . Packrat 1 | . . . . . . . . . . . . . . . . . . . . . 1 . . . . . Thug 1 | . . . . 1 . . . . . . . . . . . . . . . . . . . . . . Best Kill Streak 14 | 1 3 3 7 10 5 6 . 2 . 2 . 5 1 . 5 6 3 . . 8 . . . . 2 14 Combat Bots Only 12 | . 3 3 6 6 4 4 . . . 2 . 5 1 . 4 6 3 . . 3 . . . . 2 12 Max Kills in Single Turn 6 | 1 1 1 2 4 3 4 . 1 . 2 . 3 1 . 2 2 2 . . 4 1 . . . 1 6 Gunslinging 1 | . . . 1 . . . . . . . . . . . . . . . . . . . . . . . Exploded 5 | . . . . 2 3 3 . . . 2 . 3 1 . 2 2 2 . . 2 . . . . . 5 Melee 1 | . . . . . . . . . . . . 1 1 . 1 1 . . . 1 . . . . 1 1 Uniques/NPCs Destroyed . | . . . . . . . . . . . . . . . . . . . . . . . . . . . Combat | -11 -10 -10 -9 -9 -8 -7 -7 -7 -7 -7 -7 -6 -6 -6 -6 -6 -6 -6 -5 -5 -5 -5 -5 -4 -4 -3 -------- Run | Scr Mat Min Mat Sto Mat Fac Was Fac Low Low Dat Pro Fac Was Fac Low Low Zio Pro Fac Upp Upp Zhi Pro Fac Res Damage Taken 11883 | . 487 302 502 1223 2158 430 . 209 50 18 . 184 122 . 249 110 14 . . 1868 . 254 . . 599 3104 Core 3688 | . 116 30 75 225 284 215 . 57 18 . . 59 38 . 73 71 . . . 849 . 95 . . 172 1311 Absorbed by Shields . | . . . . . . . . . . . . . . . . . . . . . . . . . . . Core Remaining (%) 54 | 100 . 41 . 25 48 . . . . . . 50 . . . . . . 78 . . . . 5 85 . Volleys Fired 405 | 9 48 17 36 101 130 2 . . . 1 . 12 . . 4 9 3 . . 2 . . . . . 31 Largest 2 | 2 2 2 2 2 2 1 . . . 1 . 1 . . 1 1 1 . . 1 . . . . . 1 Hottest 113 | 40 40 40 46 46 48 30 . . . 30 . 30 . . 80 80 80 . . 80 . . . . . 113 Shots Fired 713 | 18 92 34 72 193 240 2 . . . 1 . 12 . . 4 9 3 . . 2 . . . . . 31 Gun 631 | 18 92 34 72 186 229 . . . . . . . . . . . . . . . . . . . . . Cannon 10 | . . . . . . . . . . . . . . . . . . . . . . . . . . 10 Launcher 72 | . . . . 7 11 2 . . . 1 . 12 . . 4 9 3 . . 2 . . . . . 21 Special . | . . . . . . . . . . . . . . . . . . . . . . . . . . . Kinetic 631 | 18 92 34 72 186 229 . . . . . . . . . . . . . . . . . . . . . Thermal 10 | . . . . . . . . . . . . . . . . . . . . . . . . . . 10 Explosive 72 | . . . . 7 11 2 . . . 1 . 12 . . 4 9 3 . . 2 . . . . . 21 Electromagnetic . | . . . . . . . . . . . . . . . . . . . . . . . . . . . Robot Hit Streak 72 | 4 14 6 14 21 72 . . . . 2 . . . . 4 5 6 . . 7 . . . . . 14 Robot Miss Streak 5 | 2 5 4 2 3 2 . . . . . . . . . . . . . . . . . . . . 2 Penetration Max . | . . . . . . . . . . . . . . . . . . . . . . . . . . . Secondary Targets 14 | . 2 2 7 1 2 . . . . . . . . . . . . . . . . . . . . . Max Gunslinging Chain 1 | . 1 1 1 1 1 . . . . . . . . . . . . . . . . . . . . . Shots Hit Robots 599 | 13 63 20 50 141 190 7 . 8 . 2 . 3 9 . 13 3 1 . . 38 2 . . . 11 25 Core Hits 359 | 2 23 10 23 82 82 11 . 6 . 2 . 13 6 . 10 17 3 . . 28 1 . . . 4 36 Critical Hits 14 | . 1 . . 2 2 . . 1 . . . . . . 1 . . . . 4 . . . . 1 2 Critical Kills 8 | . . . . 2 1 . . 1 . . . . . . . . . . . 3 . . . . 1 . Critical Parts Destroyed 6 | . 1 . . . 1 . . . . . . . . . 1 . . . . 1 . . . . . 2 Melee Attacks 441 | . . . . 24 . 34 . 83 1 1 . 3 32 . 86 13 7 . . 102 3 1 . 3 29 19 Impact 35 | . . . . 24 . 11 . . . . . . . . . . . . . . . . . . . . Slashing 142 | . . . . . . 23 . 83 1 1 . 3 31 . . . . . . . . . . . . . Piercing 262 | . . . . . . . . . . . . . 1 . 86 13 7 . . 102 3 1 . 3 28 18 Sneak Attacks 24 | . . . . . . . . 2 . 1 . . 3 . 1 . . . . 11 1 . . . 1 4 Combat Hostiles . | . . . . . . . . . . . . . . . . . . . . . . . . . . . Follow-up Attacks . | . . . . . . . . . . . . . . . . . . . . . . . . . . . Damage Inflicted 22489 | 131 702 214 690 3105 3732 586 . 589 . 240 . 679 899 . 1073 1352 679 . . 3540 163 . . . 588 3527 Guns 6572 | 131 676 195 690 2101 2779 . . . . . . . . . . . . . . . . . . . . . Cannons 356 | . . . . . . . . . . . . . . . . . . . . . . . . . . 356 Explosions 9264 | . . . . 990 942 449 . . . 93 . 564 315 . 466 1242 679 . . 1074 . . . . . 2450 Melee 6227 | . . . . . . 137 . 589 . 147 . 115 584 . 607 110 . . . 2466 163 . . . 588 721 Ramming 70 | . 26 19 . 14 11 . . . . . . . . . . . . . . . . . . . . . Kinetic 6572 | 131 676 195 690 2101 2779 . . . . . . . . . . . . . . . . . . . . . Thermal 1094 | . . . . . . . . . . . . . 315 . . . . . . 423 . . . . . 356 Explosive 8526 | . . . . 990 942 449 . . . 93 . 564 . . 466 1242 679 . . 651 . . . . . 2450 Electromagnetic . | . . . . . . . . . . . . . . . . . . . . . . . . . . . Impact 137 | . . . . . . 137 . . . . . . . . . . . . . . . . . . . . Slashing 1335 | . . . . . . . . 589 . 147 . 115 484 . . . . . . . . . . . . . Piercing 4755 | . . . . . . . . . . . . . 100 . 607 110 . . . 2466 163 . . . 588 721 Highest Corruption 10 | . 1 1 . . . . . . . . . . 1 1 8 8 8 8 . 5 5 5 5 5 5 10 Average Corruption 3 | . 1 1 . . . . . . . . . . 1 1 5 8 8 6 . 4 5 5 5 5 4 2 Corruption Purged . | . . . . . . . . . . . . . . . . . . . . . . . . . . . Effects 79 | . 2 . . . . . . . . . . . . . 30 10 4 2 . 5 5 4 4 5 1 7 Message Errors 23 | . 1 . . . . . . . . . . . . . 11 3 . . . 1 . 1 1 1 1 3 Matter Fused 20 | . . . . . . . . . . . . . . . 6 3 1 . . 2 2 1 2 2 . 1 Heat Flow Errors 3 | . . . . . . . . . . . . . . . 1 . 1 . . 1 . . . . . . Energy Discharges 13 | . . . . . . . . . . . . . . . 5 1 2 . . . 2 . 1 . . 2 Data Loss (minor) 10 | . 1 . . . . . . . . . . . . . 2 . . 1 . . 1 2 . 2 . 1 Data Loss (major) 3 | . . . . . . . . . . . . . . . . 2 . 1 . . . . . . . . Targeting Errors 7 | . . . . . . . . . . . . . . . 5 1 . . . 1 . . . . . . Overload Shots . | . . . . . . . . . . . . . . . . . . . . . . . . . . . Overflow Damage 1811 | . . . . 18 62 79 . 1 . 129 . . 188 . 48 81 76 . . 731 102 . . . 3 293 Projectiles . | . . . . . . . . . . . . . . . . . . . . . . . . . . . Explosions 802 | . . . . 18 62 31 . . . . . . 150 . . 81 76 . . 203 . . . . . 181 Melee 1009 | . . . . . . 48 . 1 . 129 . . 38 . 48 . . . . 528 102 . . . 3 112 Knockbacks . | . . . . . . . . . . . . . . . . . . . . . . . . . . . Impact . | . . . . . . . . . . . . . . . . . . . . . . . . . . . Kinetic . | . . . . . . . . . . . . . . . . . . . . . . . . . . . Secondary . | . . . . . . . . . . . . . . . . . . . . . . . . . . . Self-Inflicted Damage 261 | . . . . 72 24 . . . . . . 50 . . . . . . . . . . . . . 115 Shots 9 | . . . . 2 2 . . . . . . 2 . . . . . . . . . . . . . 3 Rammed 12 | . 4 2 . 4 2 . . . . . . . . . . . . . . . . . . . . . Targets Rammed 13 | . 4 2 . 4 3 . . . . . . . . . . . . . . . . . . . . . Kicked . | . . . . . . . . . . . . . . . . . . . . . . . . . . . Crushed 1 | . . . . . 1 . . . . . . . . . . . . . . . . . . . . . Highest Temperature 237 | . 12 6 16 18 18 6 . 3 14 . . . . . 214 108 116 . . 221 . . . . . 237 Average Temperature 33 | . 6 4 5 5 5 6 . 3 7 . . . . . 69 49 48 . . 80 . . . . . 70 Received Heat Transfer 2133 | . 180 66 63 441 954 48 . 48 27 . . . . . . 45 . . . 36 . 27 . . . 198 Effects 2 | . . . . . . . . . . . . . . . . . . . . . . . . . . 2 Energy Bleed 1 | . . . . . . . . . . . . . . . . . . . . . . . . . . 1 Interference 1 | . . . . . . . . . . . . . . . . . . . . . . . . . . 1 Siege Activations . | . . . . . . . . . . . . . . . . . . . . . . . . . . . Robots Corrupted . | . . . . . . . . . . . . . . . . . . . . . . . . . . . Combat Hostiles . | . . . . . . . . . . . . . . . . . . . . . . . . . . . Parts Fried 3 | . . . . . . 3 . . . . . . . . . . . . . . . . . . . . Impact Corruptions 3 | . . . . . . 3 . . . . . . . . . . . . . . . . . . . . Robots Melted . | . . . . . . . . . . . . . . . . . . . . . . . . . . . Combat Hostiles . | . . . . . . . . . . . . . . . . . . . . . . . . . . . Parts Melted 1 | . . . . . . . . . . . . . . . . . . . . 1 . . . . . . Heat Transferred 733 | . . . . . . . . . . . . . 150 . . . . . . 250 . . . . . 333 Parts Sabotaged . | . . . . . . . . . . . . . . . . . . . . . . . . . . . Parts Stolen . | . . . . . . . . . . . . . . . . . . . . . . . . . . . Parts Stripped . | . . . . . . . . . . . . . . . . . . . . . . . . . . . Power Chain Reactions . | . . . . . . . . . . . . . . . . . . . . . . . . . . . Missiles Intercepted . | . . . . . . . . . . . . . . . . . . . . . . . . . . . Alert | -11 -10 -10 -9 -9 -8 -7 -7 -7 -7 -7 -7 -6 -6 -6 -6 -6 -6 -6 -5 -5 -5 -5 -5 -4 -4 -3 ------- Run | Scr Mat Min Mat Sto Mat Fac Was Fac Low Low Dat Pro Fac Was Fac Low Low Zio Pro Fac Upp Upp Zhi Pro Fac Res Peak Influence 751 | 5 119 60 383 646 751 683 284 670 . . . . 286 122 525 . . . . 523 . . . . 83 582 Initial 341 | . 3 46 23 104 268 341 239 198 . . . . 200 77 85 . . . . . . . . . . 43 Average 211 | . 49 33 225 353 559 457 255 189 . . . . 151 99 162 . . . . 71 . . . . 15 174 Maximum Alert Level 3 | . . . 1 2 3 2 1 2 . . . . 1 . 2 . . . . 2 . . . . . 2 Low Security (%) 59 | 100 100 100 49 27 . . . 63 . . . . 38 100 71 . . . . 92 . . . . 100 71 Level 1 18 | . . . 50 31 16 24 100 19 . . . . 61 . 18 . . . . 6 . . . . . 14 Level 2 18 | . . . . 41 62 75 . 16 . . . . . . 9 . . . . 1 . . . . . 14 Level 3 2 | . . . . . 21 . . . . . . . . . . . . . . . . . . . . . Level 4 . | . . . . . . . . . . . . . . . . . . . . . . . . . . . Level 5 . | . . . . . . . . . . . . . . . . . . . . . . . . . . . High Security . | . . . . . . . . . . . . . . . . . . . . . . . . . . . Max Security . | . . . . . . . . . . . . . . . . . . . . . . . . . . . Squads Dispatched 40 | . 3 . 2 9 4 2 . 7 . . . . . . 2 . . . . 7 . 1 . . 1 2 Investigation 5 | . 2 . . 1 . . . 2 . . . . . . . . . . . . . . . . . . Extermination 7 | . . . . . . . . . . . . . . . 2 . . . . 4 . . . . 1 . Reinforcement 23 | . 1 . 2 4 4 2 . 5 . . . . . . . . . . . 3 . . . . . 2 Assault 3 | . . . . 2 . . . . . . . . . . . . . . . . . 1 . . . . Garrison 2 | . . . . 2 . . . . . . . . . . . . . . . . . . . . . . Intercept . | . . . . . . . . . . . . . . . . . . . . . . . . . . . Construction Impeded 4 | . . . . . . 1 . . . . . . . . . . . . . 1 . . . . . 2 Haulers Reinforced . | . . . . . . . . . . . . . . . . . . . . . . . . . . . Stealth | -11 -10 -10 -9 -9 -8 -7 -7 -7 -7 -7 -7 -6 -6 -6 -6 -6 -6 -6 -5 -5 -5 -5 -5 -4 -4 -3 --------- Run | Scr Mat Min Mat Sto Mat Fac Was Fac Low Low Dat Pro Fac Was Fac Low Low Zio Pro Fac Upp Upp Zhi Pro Fac Res Distress Signals 15 | . 1 . . 3 4 3 . . . . . . . . 1 . . . . 2 . . . . . 1 Communications Jammed . | . . . . . . . . . . . . . . . . . . . . . . . . . . . Distress Signals . | . . . . . . . . . . . . . . . . . . . . . . . . . . . Times Spotted 371 | . 20 6 22 56 52 21 5 26 3 4 . 6 9 6 19 17 3 . 4 37 . 9 . . 12 34 Peak Tracking Total 12 | . 4 5 6 6 5 8 4 5 3 3 . 4 2 6 4 6 3 . 3 6 . 8 . . 4 12 Tactical Retreats 36 | . 1 . . . 2 6 . 9 1 1 . . . . 3 2 2 . . 3 . 2 . . 1 3 Traps | -11 -10 -10 -9 -9 -8 -7 -7 -7 -7 -7 -7 -6 -6 -6 -6 -6 -6 -6 -5 -5 -5 -5 -5 -4 -4 -3 ------- Run | Scr Mat Min Mat Sto Mat Fac Was Fac Low Low Dat Pro Fac Was Fac Low Low Zio Pro Fac Upp Upp Zhi Pro Fac Res Traps Triggered 17 | . 3 . . 1 . 2 . 1 . . . . 1 . 3 . . . . 2 . . . . . 4 Indirectly . | . . . . . . . . . . . . . . . . . . . . . . . . . . . Trap Hack Attempts . | . . . . . . . . . . . . . . . . . . . . . . . . . . . Triggered . | . . . . . . . . . . . . . . . . . . . . . . . . . . . Disarmed . | . . . . . . . . . . . . . . . . . . . . . . . . . . . Reprogrammed . | . . . . . . . . . . . . . . . . . . . . . . . . . . . Reused 7 | . . . . . . . . . . . . . . . . . . . . . . 1 . . . 6 Traps Extracted . | . . . . . . . . . . . . . . . . . . . . . . . . . . . Installed 7 | . . . . . . . . . . . . . . . . . . . . . . 1 . . . 6 Triggered 10 | . . . . . . . . . . 1 . . . . . . . . 2 . . 1 . . . 6 Fabricated Traps 7 | . . . . . . . . . . . . . . . . . . . . . 1 . 1 . . 5 Machines | -11 -10 -10 -9 -9 -8 -7 -7 -7 -7 -7 -7 -6 -6 -6 -6 -6 -6 -6 -5 -5 -5 -5 -5 -4 -4 -3 ---------- Run | Scr Mat Min Mat Sto Mat Fac Was Fac Low Low Dat Pro Fac Was Fac Low Low Zio Pro Fac Upp Upp Zhi Pro Fac Res Machines Disabled 46 | . . . . 4 2 . . . . . . . 4 . 18 . . . . 16 . . . . . 2 Max in Single Turn 10 | . . . . 1 1 . . . . . . . 4 . 8 . . . . 10 . . . . . 1 Garrison Access 12 | . . . . 1 . . . 2 . . . . 2 . 1 . . . . 3 . . . . 1 2 Machines Sabotaged . | . . . . . . . . . . . . . . . . . . . . . . . . . . . Garrisons Compromised . | . . . . . . . . . . . . . . . . . . . . . . . . . . . Overloaded Fab Kills . | . . . . . . . . . . . . . . . . . . . . . . . . . . . Fab Network Shutdowns 1 | . . . . . . . . 1 . . . . . . . . . . . . . . . . . . Hacking | -11 -10 -10 -9 -9 -8 -7 -7 -7 -7 -7 -7 -6 -6 -6 -6 -6 -6 -6 -5 -5 -5 -5 -5 -4 -4 -3 --------- Run | Scr Mat Min Mat Sto Mat Fac Was Fac Low Low Dat Pro Fac Was Fac Low Low Zio Pro Fac Upp Upp Zhi Pro Fac Res Machines Accessed 110 | . 4 . 3 6 9 7 . 19 1 . 4 . 14 . 12 . . . . 15 . . 4 . 7 5 Terminals 66 | . 4 . 3 4 6 5 . 14 . . . . 9 . 7 . . . . 9 . . . . 3 2 Fabricators 8 | . . . . . . . . 2 . . . . 2 . 2 . . . . 1 . . . . 1 . Repair Stations 4 | . . . . . 1 1 . . . . . . . . 2 . . . . . . . . . . . Recycling Units 2 | . . . . 1 1 . . . . . . . . . . . . . . . . . . . . . Scanalyzers 9 | . . . . . 1 1 . 1 . . . . 1 . . . . . . 2 . . . . 2 1 Garrison Access 12 | . . . . 1 . . . 2 . . . . 2 . 1 . . . . 3 . . . . 1 2 Total Hacks 436 | . 9 . 6 17 24 27 . 60 1 . 27 . 55 . 57 . . . . 75 . . 17 . 36 25 Successful 341 | . 4 . 1 6 11 25 . 49 1 . 27 . 46 . 40 . . . . 64 . . 17 . 29 21 Failed 94 | . 4 . 5 11 13 2 . 11 . . . . 9 . 17 . . . . 11 . . . . 7 4 Catastrophic 11 | . 1 . 1 2 2 . . 1 . . . . 2 . 1 . . . . 1 . . . . . . Database Lockouts 1 | . 1 . . . . . . . . . . . . . . . . . . . . . . . . . Manual 247 | . 8 . 6 4 11 15 . 45 . . . . 40 . 33 . . . . 47 . . . . 20 18 Terminals 265 | . 9 . 6 12 14 15 . 45 . . . . 37 . 39 . . . . 50 . . . . 19 19 Fabricators 46 | . . . . . . . . 10 . . . . 14 . 7 . . . . 11 . . . . 4 . Repair Stations 15 | . . . . . 3 2 . . . . . . . . 10 . . . . . . . . . . . Recycling Units 3 | . . . . 2 1 . . . . . . . . . . . . . . . . . . . . . Scanalyzers 47 | . . . . . 6 10 . 3 . . . . 2 . . . . . . 11 . . . . 11 4 Garrison Access 15 | . . . . 3 . . . 2 . . . . 2 . 1 . . . . 3 . . . . 2 2 Terminal Hacks 129 | . 3 . . 3 2 2 . 12 1 . 27 . 9 . 14 . . . . 22 . . 17 . 8 9 Record 16 | . . . . . . . . . . . 11 . . . . . . . . . . . 5 . . . Part Schematic 25 | . . . . 1 . . . 4 . . 6 . 2 . 2 . . . . 5 . . 4 . . 1 Robot Schematic 7 | . . . . . . . . . . . 7 . . . . . . . . . . . . . . . Robot Analysis 8 | . 1 . . . . . . . . . . . . . . . . . . . . . 4 . 3 . Prototype ID Bank 10 | . . . . 1 1 . . . . . 3 . . . . . . . . . . . 4 . 1 . Open Door 1 | . . . . . . . . . 1 . . . . . . . . . . . . . . . . . Branch Access Points 4 | . . . . . . . . 1 . . . . . . 1 . . . . 1 . . . . . 1 Machine Index 5 | . . . . . . 1 . . . . . . 1 . 1 . . . . 1 . . . . 1 . Terminal Index 2 | . . . . . . . . 1 . . . . . . . . . . . . . . . . . 1 Fabricator Index 1 | . . . . . . . . . . . . . . . . . . . . . . . . . . 1 Garrison Index 1 | . . . . . . . . . . . . . . . . . . . . . . . . . . 1 Unreport Threat 39 | . 1 . . 1 1 1 . 6 . . . . 6 . 7 . . . . 10 . . . . 2 4 Locate Traps 4 | . . . . . . . . . . . . . . . 2 . . . . 1 . . . . 1 . Recall Extermination 4 | . . . . . . . . . . . . . . . 1 . . . . 3 . . . . . . Hauler Manifests 1 | . 1 . . . . . . . . . . . . . . . . . . . . . . . . . Zone Layout 1 | . . . . . . . . . . . . . . . . . . . . 1 . . . . . . Fabricator Hacks 31 | . . . . . . . . 7 . . . . 10 . 4 . . . . 9 . . . . 1 . Load Schematic 12 | . . . . . . . . 2 . . . . 4 . 2 . . . . 4 . . . . . . Build 19 | . . . . . . . . 5 . . . . 6 . 2 . . . . 5 . . . . 1 . Repair Station Hacks 14 | . . . . . 2 2 . . . . . . . . 10 . . . . . . . . . . . Scan Component 7 | . . . . . 1 1 . . . . . . . . 5 . . . . . . . . . . . Repair 7 | . . . . . 1 1 . . . . . . . . 5 . . . . . . . . . . . Recycling Unit Hacks 1 | . . . . 1 . . . . . . . . . . . . . . . . . . . . . . Retrieve Components 1 | . . . . 1 . . . . . . . . . . . . . . . . . . . . . . Scanalyzer 44 | . . . . . 5 10 . 3 . . . . 2 . . . . . . 11 . . . . 9 4 Insert Component 21 | . . . . . 2 5 . 2 . . . . 1 . . . . . . 5 . . . . 4 2 Analyze 23 | . . . . . 3 5 . 1 . . . . 1 . . . . . . 6 . . . . 5 2 Garrison Access Hacks 12 | . . . . 1 . . . 2 . . . . 2 . 1 . . . . 3 . . . . 1 2 Seal Access 12 | . . . . 1 . . . 2 . . . . 2 . 1 . . . . 3 . . . . 1 2 Unauthorized Hacks 110 | . 1 . 1 1 2 11 . 25 . . . . 23 . 11 . . . . 19 . . . . 10 6 Terminals 98 | . 1 . 1 1 2 11 . 24 . . . . 19 . 8 . . . . 17 . . . . 8 6 Track 32 | . . . . . . 4 . 10 . . . . 5 . 3 . . . . 5 . . . . 3 2 Assimilate 10 | . . . . . 1 . . . . . . . 4 . 1 . . . . 4 . . . . . . Botnet 39 | . . . . . . 5 . 12 . . . . 7 . 4 . . . . 6 . . . . 3 2 Detonate 1 | . . . . . . . . . . . . . 1 . . . . . . . . . . . . . Disrupt 8 | . . . . . . 2 . 2 . . . . 1 . . . . . . 1 . . . . 1 1 Operators 8 | . 1 . 1 1 1 . . . . . . . 1 . . . . . . 1 . . . . 1 1 Fabricators 12 | . . . . . . . . 1 . . . . 4 . 3 . . . . 2 . . . . 2 . Prioritize 5 | . . . . . . . . . . . . . 2 . 1 . . . . 1 . . . . 1 . Siphon 7 | . . . . . . . . 1 . . . . 2 . 2 . . . . 1 . . . . 1 . Repair Stations . | . . . . . . . . . . . . . . . . . . . . . . . . . . . Recycling Units . | . . . . . . . . . . . . . . . . . . . . . . . . . . . Scanalyzers . | . . . . . . . . . . . . . . . . . . . . . . . . . . . Garrison Access . | . . . . . . . . . . . . . . . . . . . . . . . . . . . Data Cores Recovered . | . . . . . . . . . . . . . . . . . . . . . . . . . . . Used . | . . . . . . . . . . . . . . . . . . . . . . . . . . . Hacking Detections 74 | . 3 . 3 6 7 7 . 14 . . . . 8 . 9 . . . . 9 . . . . 5 3 Full Trace Events 2 | . . . . . . . . 2 . . . . . . . . . . . . . . . . . . Feedback Events 1 | . . . . . . . . 1 . . . . . . . . . . . . . . . . . . Hackware Fried 1 | . . . . . . . . 1 . . . . . . . . . . . . . . . . . . Feedback Blocked . | . . . . . . . . . . . . . . . . . . . . . . . . . . . Robot Schematics Acquired 7 | . . . . . . . . . . . 7 . . . . . . . . . . . . . . . Robots Built . | . . . . . . . . . . . . . . . . . . . . . . . . . . . Matter . | . . . . . . . . . . . . . . . . . . . . . . . . . . . Time . | . . . . . . . . . . . . . . . . . . . . . . . . . . . Total Robot Build Rating . | . . . . . . . . . . . . . . . . . . . . . . . . . . . Part Schematics Acquired 44 | . . . . 1 2 5 . 5 . . 6 . 3 . 2 . . . . 9 . . 4 . 4 3 Parts Built 17 | . . . . . . . . 4 . . . . 5 . 1 . . . . 6 . . . . 1 . Matter 2979 | . . . . . . . . 915 . . . . 953 . 159 . . . . 744 . . . . 208 . Time 982 | . . . . . . . . 185 . . . . 311 . 106 . . . . 311 . . . . 69 . Total Part Build Rating 97 | . . . . . . . . 18 . . . . 30 . 6 . . . . 34 . . . . 9 . Parts Repaired 7 | . . . . . 1 1 . . . . . . . . 5 . . . . . . . . . . . Time 158 | . . . . . 32 19 . . . . . . . . 107 . . . . . . . . . . . Parts Recycled . | . . . . . . . . . . . . . . . . . . . . . . . . . . . Recycled Matter . | . . . . . . . . . . . . . . . . . . . . . . . . . . . Retrieved Matter . | . . . . . . . . . . . . . . . . . . . . . . . . . . . Retrieved Components 9 | . . . . 9 . . . . . . . . . . . . . . . . . . . . . . Parts Scanalyzed 19 | . . . . . 2 5 . 1 . . . . 1 . . . . . . 4 . . . . 4 2 Part Schematics Acquired 19 | . . . . . 2 5 . 1 . . . . 1 . . . . . . 4 . . . . 4 2 Parts Damaged 3 | . . . . . 1 . . . . . . . . . . . . . . . . . . . 2 . Bothacking | -11 -10 -10 -9 -9 -8 -7 -7 -7 -7 -7 -7 -6 -6 -6 -6 -6 -6 -6 -5 -5 -5 -5 -5 -4 -4 -3 ------------ Run | Scr Mat Min Mat Sto Mat Fac Was Fac Low Low Dat Pro Fac Was Fac Low Low Zio Pro Fac Upp Upp Zhi Pro Fac Res Used RIF Installer . | . . . . . . . . . . . . . . . . . . . . . . . . . . . Robots Hacked . | . . . . . . . . . . . . . . . . . . . . . . . . . . . Non-combat . | . . . . . . . . . . . . . . . . . . . . . . . . . . . Combat . | . . . . . . . . . . . . . . . . . . . . . . . . . . . Robot Hacks Applied . | . . . . . . . . . . . . . . . . . . . . . . . . . . . Relay Couplers Released 4 | . . . . . . . . . . . . . 4 . . . . . . . . . . . . . Programmers 4 | . . . . . . . . . . . . . 4 . . . . . . . . . . . . . Robots Rewired . | . . . . . . . . . . . . . . . . . . . . . . . . . . . Allies Hacked 3 | . . . . . . . . . . . . . 1 . . . . . . . . 2 . . . . Hacks Repelled . | . . . . . . . . . . . . . . . . . . . . . . . . . . . Allies | -11 -10 -10 -9 -9 -8 -7 -7 -7 -7 -7 -7 -6 -6 -6 -6 -6 -6 -6 -5 -5 -5 -5 -5 -4 -4 -3 -------- Run | Scr Mat Min Mat Sto Mat Fac Was Fac Low Low Dat Pro Fac Was Fac Low Low Zio Pro Fac Upp Upp Zhi Pro Fac Res Total Allies 30 | . . 3 . 2 1 . . 3 . . . 1 3 1 1 . . 9 . 3 . 3 . . . . Largest Group 9 | . . 3 . 2 1 1 . 3 . . . 1 3 1 1 . . 9 9 3 . 2 . . . . Highest-Rated Group 213 | . . 40 . 62 10 10 . 93 . . . 94 43 31 10 . . 213 213 30 . 160 . . . . Highest-Rated Ally 157 | . . 16 . 31 10 10 . 31 . . . 94 26 31 10 . . 31 31 10 . 157 . . . . Total Orders 2 | . . . . . . . . . . . . . . . . . . . . 2 . . . . . . STAY 1 | . . . . . . . . . . . . . . . . . . . . 1 . . . . . . FOLLOW 1 | . . . . . . . . . . . . . . . . . . . . 1 . . . . . . Ally Attacks 99 | . . 6 . 13 . . . 27 . . . 9 . 19 . . . . 14 . . 11 . . . . Total Damage 1564 | . . 87 . 145 . . . 394 . . . 376 . 231 . . . . 152 . . 179 . . . . Kills 19 | . . 1 . 4 . . . 5 . . . 3 . . . . . . 2 . . 4 . . . . Allies Corrupted 1 | . . . . . . . . . . . . . . . 1 . . . . . . . . . . . Allies Melted . | . . . . . . . . . . . . . . . . . . . . . . . . . . . Intel | -11 -10 -10 -9 -9 -8 -7 -7 -7 -7 -7 -7 -6 -6 -6 -6 -6 -6 -6 -5 -5 -5 -5 -5 -4 -4 -3 ------- Run | Scr Mat Min Mat Sto Mat Fac Was Fac Low Low Dat Pro Fac Was Fac Low Low Zio Pro Fac Upp Upp Zhi Pro Fac Res Robot Analysis Total 8 | . 1 . . . . . . . . . . . . . . . . . . . . . 4 . 3 . Derelict Logs Recovered 11 | . . 1 . . . . . . 1 2 . 3 . . . 1 1 1 . . 1 . . . . . Drone Launches . | . . . . . . . . . . . . . . . . . . . . . . . . . . . Drone Recoveries . | . . . . . . . . . . . . . . . . . . . . . . . . . . . Exploration | -11 -10 -10 -9 -9 -8 -7 -7 -7 -7 -7 -7 -6 -6 -6 -6 -6 -6 -6 -5 -5 -5 -5 -5 -4 -4 -3 ------------- Run | Scr Mat Min Mat Sto Mat Fac Was Fac Low Low Dat Pro Fac Was Fac Low Low Zio Pro Fac Upp Upp Zhi Pro Fac Res Turns Passed 13467 | 134 727 685 501 1505 1350 347 25 1251 98 92 25 125 703 40 1050 233 149 465 63 1778 135 224 180 233 546 803 Spaces Moved 16637 | 65 348 390 202 589 536 664 77 2714 322 282 87 318 1241 115 1789 476 405 956 215 2581 189 321 83 342 613 717 Core 205 | 10 . . . . . . . . . . . . . . . . . . . . . . . . . 195 Treads 2120 | 55 348 390 202 589 536 . . . . . . . . . . . . . . . . . . . . . Legs . | . . . . . . . . . . . . . . . . . . . . . . . . . . . Wheels . | . . . . . . . . . . . . . . . . . . . . . . . . . . . Hover 2670 | . . . . . . . . . . . . . . . . . . . . 600 189 321 83 342 613 522 Flight 11642 | . . . . . . 664 77 2714 322 282 87 318 1241 115 1789 476 405 956 215 1981 . . . . . . Fastest Speed 29 | 50 160 160 160 180 160 29 29 29 29 29 29 29 29 29 29 29 29 29 29 29 65 65 65 65 58 43 Average Speed 53 | 143 160 160 179 180 163 29 29 29 29 29 29 29 29 29 29 29 29 29 29 39 65 65 65 65 64 66 Slowest Speed 220 | 160 160 160 200 180 180 29 29 29 29 29 29 29 29 29 29 29 29 29 29 150 65 65 65 65 65 220 Overloaded Moves . | . . . . . . . . . . . . . . . . . . . . . . . . . . . Propulsion Burnouts . | . . . . . . . . . . . . . . . . . . . . . . . . . . . Robots Hopped 46 | . . . . . . 6 . 18 1 . . . . . 6 . . . 1 14 . . . . . . Cave-ins Triggered 2 | . . . . . . . . 1 . . . . . . . . . . . . . . . . 1 . Exploration Rate (%) 50 | 5 57 68 19 80 44 23 77 71 51 54 75 57 28 85 43 61 75 85 39 48 40 51 41 57 20 21 Regions Visited 26 Branch Regions 14 Pre-discovered Areas 7 | . . . . . . . . . . . 1 1 . . . . . 2 . . . . 3 . . . Known Exits Taken 8 | . . . 1 1 . . . 1 1 1 . . . . 1 . . . . 1 . . . 1 . . Unknown Exits Taken 14 | 1 1 1 . . 1 . . . . . 1 1 . . . 1 1 1 1 . 1 1 1 . 1 . Scrap Searched 20 | . . . . . . . . . 3 2 . 1 . . . 1 2 3 2 . 3 2 . 1 . . Spaces Dug 343 | . . . . 3 5 23 . 71 1 . . 38 21 . 63 11 5 . . 52 . 1 . 3 13 33 Terrain Destroyed 1027 | . . . . 41 67 34 . 71 1 7 . 91 92 . 128 120 50 . . 97 . 1 . 3 13 211 Melee 273 | . . . . 3 . 23 . 71 1 . . . 21 . 63 11 5 . . 52 . 1 . 3 13 6 Projectile 1 | . . . . . . . . . . . . . . . . . . . . . . . . . . 1 AOE 753 | . . . . 38 67 11 . . . 7 . 91 71 . 65 109 45 . . 45 . . . . . 204 Terrain Rammed . | . . . . . . . . . . . . . . . . . . . . . . . . . . . Walls Destroyed . | . . . . . . . . . . . . . . . . . . . . . . . . . . . Machines Disabled . | . . . . . . . . . . . . . . . . . . . . . . . . . . . Actions | -11 -10 -10 -9 -9 -8 -7 -7 -7 -7 -7 -7 -6 -6 -6 -6 -6 -6 -6 -5 -5 -5 -5 -5 -4 -4 -3 --------- Run | Scr Mat Min Mat Sto Mat Fac Was Fac Low Low Dat Pro Fac Was Fac Low Low Zio Pro Fac Upp Upp Zhi Pro Fac Res Total 19842 | 86 436 421 286 837 773 758 78 3017 323 288 86 332 1530 121 2176 537 420 1146 213 3173 197 335 209 348 725 991 Wait 1809 | . 9 3 14 56 57 34 . 212 . 3 . . 232 . 246 36 1 168 . 420 2 7 119 . 56 134 Move 16524 | 64 347 389 201 588 535 653 76 2677 319 281 86 317 1241 114 1778 475 404 955 212 2552 188 320 82 341 612 717 Hop 43 | . . . . . . 5 . 18 1 . . . . . 4 . . . 1 14 . . . . . . Pick Up 136 | 6 13 7 12 15 15 3 . 8 . 1 . . 8 1 8 . . 5 . 12 2 2 1 1 7 9 Fast Attach 57 | 7 . . 2 3 6 2 . 2 1 . . . 2 2 3 . 1 3 . 8 1 . 1 . 3 10 Attach 66 | . 1 2 4 2 7 12 1 2 . 1 . . 4 1 2 . . 2 . 5 1 2 3 . 5 9 Detach 18 | . . . . 1 . . . . . . . . 1 . 1 . . 2 . 3 . . 1 . 3 6 Swap 79 | . 5 . 5 23 10 1 1 5 . . . . 3 . 7 4 3 2 . 6 . . . 1 3 . Drop 147 | . 9 1 12 20 10 12 . 10 1 . . . 7 3 1 . 1 9 . 13 1 2 2 2 7 24 Fire 405 | 9 48 17 36 101 130 2 . . . 1 . 12 . . 4 9 3 . . 2 . . . . . 31 Melee 440 | . . . . 24 . 34 . 83 1 1 . 3 32 . 86 13 7 . . 102 2 1 . 3 29 19 Ram . | . . . . . . . . . . . . . . . . . . . . . . . . . . . Kick . | . . . . . . . . . . . . . . . . . . . . . . . . . . . Crush 13 | . 4 2 . 4 3 . . . . . . . . . . . . . . . . . . . . . Escape Stasis 98 | . . . . . . . . . . . . . . . 36 . . . . 36 . . . . . 26 Rewire . | . . . . . . . . . . . . . . . . . . . . . . . . . . . Trap 7 | . . . . . . . . . . . . . . . . . . . . . . 1 . . . 6 Miscellaneous . | . . . . . . . . . . . . . . . . . . . . . . . . . . . Route ------- -11/Scrapyard -10/Materials (discovered 2 exits: *Mat / [*Min]) -10/Mines -9/Materials (discovered 3 exits: Mat x2 / *Sto) -9/Storage -8/Materials (discovered 2 exits: *Fac x2) -7/Factory (discovered 3 exits: *Fac / *Low x2) -7/Waste -7/Factory (discovered 5 exits: *Fac x3 / *Low x2) -7/Lower Caves -7/Lower Caves -7/Data Miner -6/Proximity Caves -6/Factory -6/Waste -6/Factory (discovered 3 exits: *Fac / *Low x2) -6/Lower Caves -6/Lower Caves (discovered 2 exits: *Fac / [*Zio]) -6/Zion -5/Proximity Caves -5/Factory (discovered 5 exits: *Fac x3 / *Upp x2) -5/Upper Caves -5/Upper Caves -5/Zhirov -4/Proximity Caves -4/Factory (discovered 2 exits: *Res / [*Ext]) -3/Research (discovered 2 exits: Qua x2) History --------- Turn | Location | Event 7 | -11/Scrapyard | Discovered new exit (range 15) 135 | -11/Scrapyard | Entered Materials 300 | -10/Materials | Build established: Mutant 343 | -10/Materials | Central database locked down 605 | -10/Materials | Discovered new exit (range 8) 722 | -10/Materials | Discovered new exit (range 6) 862 | -10/Materials | Entered Mines 973 | -10/Mines | Assisted by bots powering up and referring to "LRC-V3" 1039 | -10/Mines | Assembled infested the area 1257 | -10/Mines | Deemed a non-threat by the Exiles lab entrance 1350 | -10/Mines | Core integrity fell below 50% 1426 | -10/Mines | Learned 8 Materials zone layouts 1518 | -10/Mines | Discovered new exit (range 5) 1547 | -10/Mines | Entered Materials 1547 | -9/Materials | Evolved 2 slots: Utility x2 1548 | -9/Materials | Identified exit to Materials 1548 | -9/Materials | Identified exit to Storage 2048 | -9/Materials | Entered Storage 2250 | -9/Storage | Build established: Hauler-Mutant 2368 | -9/Storage | Garrison activated, responded to threat 2440 | -9/Storage | Met a pair of Derelict thieves 2505 | -9/Storage | Core integrity fell below 50% 2936 | -9/Storage | Discovered exit to Materials (range 9) 3553 | -9/Storage | Entered Materials 3553 | -8/Materials | Evolved 2 slots: Propulsion x1, Utility x1 3960 | -8/Materials | Discovered new exit (range 13) 4050 | -8/Materials | Repaired Hvy. Assault Rifle 4464 | -8/Materials | Discovered new exit (range 15) 4830 | -8/Materials | Core integrity fell below 50% 4903 | -8/Materials | Entered Factory 4903 | -7/Factory | Accompanied by 1 ally 4903 | -7/Factory | Evolved 2 slots: Utility x2 5139 | -7/Factory | Discovered new exit (range 3) 5169 | -7/Factory | Repaired Lgt. Nuclear Core 5190 | -7/Factory | Build established: Hacker-Sprinter 5211 | -7/Factory | Discovered new exit (range 4) 5223 | -7/Factory | Discovered new exit (range 15) 5250 | -7/Factory | Sucked down chute 5250 | -7/Factory | Entered Waste 5259 | -7/Waste | Spotted C-40 Crusher 5262 | -7/Waste | Spotted C-40 Crusher 5262 | -7/Waste | Spotted C-40 Crusher 5265 | -7/Waste | Spotted C-40 Crusher 5266 | -7/Waste | Spotted C-40 Crusher 5272 | -7/Waste | Discovered new exit (range 12) 5272 | -7/Waste | Spotted C-40 Crusher 5275 | -7/Waste | Entered Factory 5424 | -7/Factory | Allied Derelicts emerged from ambush trap array 5549 | -7/Factory | Crushed by falling debris 5555 | -7/Factory | Discovered new exit (range 3) 5585 | -7/Factory | Discovered new exit (range 12) 5687 | -7/Factory | Discovered new exit (range 21) 5701 | -7/Factory | Identified exit to Lower Caves 5768 | -7/Factory | Discovered new exit (range 17) 6157 | -7/Factory | Fabricated Imp. Cesium-ion Thruster (x1) 6273 | -7/Factory | Fabricated Imp. Cesium-ion Thruster? 6341 | -7/Factory | Hacking Suite fried by hacking feedback 6385 | -7/Factory | Fabricated Imp. Cesium-ion Thruster? 6432 | -7/Factory | Fabricated Adv. Hacking Suite (x1) 6451 | -7/Factory | Local fabrication network quarantined 6526 | -7/Factory | Entered Lower Caves 6532 | -7/Lower Caves | Encountered a Warlord checkpoint 6570 | -7/Lower Caves | Identified exit to Lower Caves 6624 | -7/Lower Caves | Entered another Lower Caves area 6656 | -7/Lower Caves | Learned Factory stockpile data 6695 | -7/Lower Caves | Identified exit to Data Miner 6703 | -7/Lower Caves | Encountered a Warlord checkpoint 6716 | -7/Lower Caves | Entered Data Miner 6716 | -7/Data Miner | Discovered new exit (range 6) 6720 | -7/Data Miner | Met Data Miner 6730 | -7/Data Miner | Learned location of Section 7 (-3) 6730 | -7/Data Miner | Acquired the access code to Warlord's prototype stash 6733 | -7/Data Miner | Received God Mode back door access code from Data Miner 6741 | -7/Data Miner | Entered Proximity Caves 6752 | -6/Proximity Caves | Learned Factory stockpile data 6778 | -6/Proximity Caves | Learned Factory stockpile data 6797 | -6/Proximity Caves | Escorted by Enhanced Grunt 6804 | -6/Proximity Caves | Learned location of Extension (-4) 6849 | -6/Proximity Caves | Spotted B-75 Beast 6856 | -6/Proximity Caves | Discovered new exit (range 12) 6866 | -6/Proximity Caves | Entered Factory 6866 | -6/Factory | Evolved 2 slots: Utility x2 6978 | -6/Factory | Discovered new exit (range 14) 7155 | -6/Factory | Build established: Wizard-Sprinter 7424 | -6/Factory | Fabricated Mni. Smartbomb Launcher? 7475 | -6/Factory | Fabricated Adv. Hacking Suite (x1) 7476 | -6/Factory | Fabricated Kinetic Spear? 7517 | -6/Factory | Fabricated Adv. Hacking Suite (x1) 7531 | -6/Factory | Fabricated Adv. Hacking Suite (x1) 7569 | -6/Factory | Manually triggered Chute Trap 7569 | -6/Factory | Sucked down chute 7569 | -6/Factory | Entered Waste 7570 | -6/Waste | Met a frightened Derelict 7575 | -6/Waste | Spotted C-40 Crusher 7578 | -6/Waste | Spotted C-40 Crusher 7586 | -6/Waste | Spotted C-40 Crusher 7586 | -6/Waste | Spotted C-40 Crusher 7599 | -6/Waste | Spotted C-40 Crusher 7602 | -6/Waste | Spotted C-40 Crusher 7604 | -6/Waste | Discovered new exit (range 14) 7609 | -6/Waste | Entered Factory 7625 | -6/Factory | Discovered new exit (range 3) 7702 | -6/Factory | Repaired Adv. Hacking Suite 7716 | -6/Factory | Repaired Med. Storage Unit 7731 | -6/Factory | Spotted B-75 Beast 8463 | -6/Factory | Discovered new exit (range 18) 8491 | -6/Factory | Repaired Imp. Propulsion Shielding 8514 | -6/Factory | Repaired Mic. Nuclear Core 8540 | -6/Factory | Repaired Imp. Flight Unit 8583 | -6/Factory | Identified exit to Lower Caves 8646 | -6/Factory | Fabricated Adv. Hacking Suite? 8659 | -6/Factory | Entered Lower Caves 8698 | -6/Lower Caves | Learned location of 2 exits from Factory 8702 | -6/Lower Caves | Spotted B-75 Beast 8877 | -6/Lower Caves | Discovered new exit (range 10) 8892 | -6/Lower Caves | Entered another Lower Caves area 8910 | -6/Lower Caves | Discovered new exit (range 21) 8921 | -6/Lower Caves | Learned 4 Factory zone layouts 8951 | -6/Lower Caves | Encountered a Warlord checkpoint 9038 | -6/Lower Caves | Discovered new exit (range 10) 9041 | -6/Lower Caves | Entered Zion 9072 | -6/Zion | System corruption cleaned by Quarantine Array 9087 | -6/Zion | Found Prototype Device 9123 | -6/Zion | Found Prototype Processor 9123 | -6/Zion | Identified Exp. Armor Integrity Analyzer 9146 | -6/Zion | System corruption cleaned by Quarantine Array 9164 | -6/Zion | Found Prototype Hackware 9166 | -6/Zion | Found Prototype Processor 9166 | -6/Zion | Identified Exp. Targeting Computer 9207 | -6/Zion | Gained Derelict followers 9272 | -6/Zion | Given A8's code to call for help 9307 | -6/Zion | Gained Derelict followers 9314 | -6/Zion | Learned location of Quarantine (-3) 9337 | -6/Zion | Given the Hacking Drone Bay 9358 | -6/Zion | Discovered new exit (range 10) 9506 | -6/Zion | Entered Proximity Caves 9506 | -5/Proximity Caves | Accompanied by 9 allies 9534 | -5/Proximity Caves | Attracted the attention of an 0b10 checkpoint 9539 | -5/Proximity Caves | Spotted B-75 Beast 9563 | -5/Proximity Caves | Discovered new exit (range 5) 9569 | -5/Proximity Caves | Entered Factory 9569 | -5/Factory | Evolved 2 slots: Utility x2 9570 | -5/Factory | Identified exit to Factory 9684 | -5/Factory | Found Prototype Processor 9839 | -5/Factory | Identified exit to Upper Caves 10325 | -5/Factory | Spotted B-75 Beast 10365 | -5/Factory | Identified Exp. System Shield 10365 | -5/Factory | Identified Bomb Factory No. 2 10371 | -5/Factory | Discovered exit to Factory (range 12) 10531 | -5/Factory | Fabricated Cmb. Gravmag System (x2) 10585 | -5/Factory | Fabricated Cmb. Gravmag System (x2) 10681 | -5/Factory | Fabricated Exp. Propulsion Shielding (x1) 10760 | -5/Factory | Fabricated Exp. Utility Shielding (x1) 10874 | -5/Factory | Build established: Wizard-Mutant 11107 | -5/Factory | Core integrity fell below 50% 11140 | -5/Factory | Core integrity fell below 20% 11167 | -5/Factory | Lost 5 parts (1p2n2u) 11347 | -5/Factory | Entered Upper Caves 11448 | -5/Upper Caves | Learned 4 Factory zone layouts 11476 | -5/Upper Caves | Discovered new exit (range 10) 11482 | -5/Upper Caves | Entered another Upper Caves area 11587 | -5/Upper Caves | Spotted B-75 Beast 11597 | -5/Upper Caves | Attracted the attention of an 0b10 outpost 11631 | -5/Upper Caves | ME-RLN showed up to help 11703 | -5/Upper Caves | Discovered new exit (range 5) 11706 | -5/Upper Caves | Entered Zhirov 11706 | -5/Zhirov | Discovered new exit (range 3) 11718 | -5/Zhirov | Met Zhirov 11732 | -5/Zhirov | Learned location of Testing (-2) 11732 | -5/Zhirov | Learned location of Command (-1) 11738 | -5/Zhirov | Zhirov requested help retrieving the SGEMP Prototype 11886 | -5/Zhirov | Entered Proximity Caves 12108 | -4/Proximity Caves | Discovered exit to Factory (range 17) 12119 | -4/Proximity Caves | Entered Factory 12119 | -4/Factory | Evolved 2 slots: Utility x2 12479 | -4/Factory | Fabricated Adv. Cloaking Device? 12615 | -4/Factory | Discovered new exit (range 5) 12654 | -4/Factory | Crushed by falling debris 12660 | -4/Factory | Discovered new exit (range 9) 12665 | -4/Factory | Entered Research 12665 | -3/Research | Evolved 2 slots: Power x1, Propulsion x1 12991 | -3/Research | Lost 3 parts (1n1u1w) 12999 | -3/Research | Destroyed 12 combat bots 13161 | -3/Research | Identified exit to Quarantine 13348 | -3/Research | Lost 8 parts (1p4n2u1w) 13366 | -3/Research | Spotted B-86 Titan 13418 | -3/Research | Core integrity fell below 50% 13461 | -3/Research | Core integrity fell below 20% 13461 | -3/Research | System corruption reached 10% 13468 | -3/Research | Destroyed by P-80 Master with Gamma Rifle Last Messages --------------- 13436_ U-05 Engineer destroyed. 13437_ Slug penetrates Wall. 13437_ Penetrated by Slug. 13437_ Exp. System Shield destroyed. 13437_ K-01 Serf collects debris. 13438_ C-30 ARC bursts open, deploying its payload. 13438_ S-43 Plague unfolds itself. 13439_ The unstable cave ceiling collapses. 13440_ Slug penetrates Wall. 13440_ Imp. Core Shielding destroyed. 13445_ System corrupted: Matter fused (-8). 13446_ Dropped Imp. Matter Neutralizer. 13447_ Acquired Force Lance. 13449_ K-01 Serf cleans the Terminal. 13459_ S-43 Plague suffers critical hit. 13459_ Destroyed Unknown Flight Unit. 13462_ P-80 Master destroyed. 13463_ System corrupted: Energy discharge (-37). 13465_ Acquired 47 matter. 13467_ Slug penetrates Wall. Map ----- +----------------------------------------------------+ | ????????????????????????????????????????????# | | ????????????????????????????????????????????# | | ????????????????????????????????????????????# # | | ??????????????????????????????????????????### # | | ???????????????????????????????????######## # # | | ???????????????????????????????????# # + | | ???????????????????????????????????# # # | | ???????????????????????????????????#"" # # | | ???????????????????????????????????#"" # # | | ??????????????????????????????######"" # # | | ???????????????????????????????"""" G # "# | | ??????????????????????????????### "" # "%# | | ???????????????????????????????""# "" # "# | | ????????????????????????????????# "" + # | | ????????????????????????????????# # # | | ?????????????????????????>??????# # # # | | ????????????????????????????????# " % R# | | ????????????????????????????????# u # | | ????????????????????????????????# ![[ u u | | ???????????????????????????????????# [ % ### | | ???????????????????????????????????# [[ | | ???????????????????????????????????# k | | ???????????????????????????????????# u | | ???????????????????##############??##### | | ???????????????????#!!! =[# #??????# # #### | | ???????????????????#!!!!*@# ############ ### | | ???????????????????#!! s=|Rg hkhY s = | | ???????????????????# ps # ]############ =### | | ???????????????????# # #??????????## ##?? | | ???????????????????# ##R ##???????????# #??? | | ???????????????????######### #??#######?### ###? | | ???????????????????????????# #??# # #? | | ???????????????????????????T #??# * # "T ## | | ?????????????????????????? #??# " "" | | ????????????????????????? BB"" # ## | | ????????????????????? BB## # #? | | ?????????????????????? ##?#######?## ##? | | ?????????????????????? k/???????????# #?? | | ????????????????????? #???????????+ +?? | | ???????????????????? #???????????# #?? | | ???????????????????? #???????????# #?? | | ?????????????????????###########???????????# #?? | | ???????????????????????????????????????????# #?? | | ???????????????????????????????????????????# #?? | | ???????????????????????????????????????????# #?? | | ???????????????????????????????????????????# #?? | | ??????????????????????????????????????????? ?? | | ??????????????????????????????????????????? ?? | | ??????????????????????????????????w???????? "" ?? | | ??????????????????????????????????????????? "T ?? | +----------------------------------------------------+ Best States ------------- Heat Dissipation 46 Energy Generation 30 Energy Capacity 345 Matter Stores 409 Matter Capacity 550 Sight Range 22 Terrain Scan Density 10 ECM Strength 3 Cloak Strength 4 Armor Coverage 225 Core Shielding 30 Propulsion Shielding 90 Utility Shielding 90 Evasion (%) 64 Targeting Accuracy 6 Armor Integrity Analysis 90 Recoil Reduction 3 Offensive Hacking 70 Defensive Hacking 40 Item Schematics ----------------- Mic. Nuclear Core | -9/Storage | Hacked Hacking Suite | -8/Materials | Scanalyzed Mni. Grenade Launcher | -8/Materials | Scanalyzed System Shield | -7/Factory | Scanalyzed Imp. ECM Suite | -7/Factory | Scanalyzed Imp. Flight Unit | -7/Factory | Scanalyzed Lgt. Nuclear Core | -7/Factory | Scanalyzed Imp. Propulsion Shielding | -7/Factory | Scanalyzed Cld. VTOL Module | -7/Factory | Scanalyzed Imp. System Shield | -7/Factory | Hacked Imp. Hacking Suite | -7/Factory | Hacked Imp. Cesium-ion Thruster | -7/Factory | Hacked Adv. Hacking Suite | -7/Factory | Hacked Combat Drone Bay | -7/Data Miner | Free Lgt. Regenerative Plating | -7/Data Miner | Free Exp. Flexi-carbon Leg | -7/Data Miner | Free Exp. Terrain Scan Processor | -7/Data Miner | Free Mni. Smartbomb Launcher | -7/Data Miner | Free Kinetic Spear | -7/Data Miner | Free Lyr. Light Armor Plating | -6/Factory | Scanalyzed Exp. Utility Shielding | -6/Factory | Hacked Exp. Weapon Shielding | -6/Factory | Hacked Adv. Transmission Jammer | -6/Factory | Hacked Adv. Coolant Injector | -6/Factory | Hacked Exp. Propulsion Shielding | -5/Factory | Hacked Cmb. Gravmag System | -5/Factory | Hacked Imp. Gyrokinetic Inverter | -5/Factory | Hacked Point Defense System | -5/Factory | Hacked Enh. Force Lance | -5/Factory | Hacked Exp. System Shield | -5/Factory | Scanalyzed Adv. Power Amplifier | -5/Factory | Scanalyzed Adv. ECM Suite | -5/Factory | Scanalyzed Adv. Trap Extractor | -5/Factory | Scanalyzed Assault Drone Bay | -5/Zhirov | Free Exp. Heat Sink | -5/Zhirov | Free Exp. Optical Array | -5/Zhirov | Free Imp. Arc Thrower | -5/Zhirov | Free Nanoactuators | -4/Factory | Scanalyzed Lgt. Antimatter Reactor | -4/Factory | Scanalyzed Adv. Armor Integrity Analyzer | -4/Factory | Scanalyzed Adv. Cloaking Device | -4/Factory | Scanalyzed Matter Compressor | -3/Research | Scanalyzed Adv. Force Field | -3/Research | Scanalyzed Cmb. Linear Gravjet | -3/Research | Hacked Robot Schematics ------------------ S-27 Virus | -7/Data Miner | Free G-50 Soldier | -7/Data Miner | Free G-67 Veteran | -7/Data Miner | Free X-72 Disruptor | -7/Data Miner | Free H-66 Slayer | -7/Data Miner | Free P-70 Sage | -7/Data Miner | Free I-36 Angel | -7/Data Miner | Free Fabricated ------------ Imp. Cesium-ion Thruster | x1 | -7/Factory Imp. Cesium-ion Thruster | x1 | -7/Factory Imp. Cesium-ion Thruster | x1 | -7/Factory Adv. Hacking Suite | x1 | -7/Factory Mni. Smartbomb Launcher | x1 | -6/Factory Adv. Hacking Suite | x1 | -6/Factory Kinetic Spear | x1 | -6/Factory Adv. Hacking Suite | x1 | -6/Factory Adv. Hacking Suite | x1 | -6/Factory Adv. Hacking Suite | x1 | -6/Factory Cmb. Gravmag System | x2 | -5/Factory Cmb. Gravmag System | x2 | -5/Factory Exp. Propulsion Shielding | x1 | -5/Factory Exp. Utility Shielding | x1 | -5/Factory Adv. Cloaking Device | x1 | -4/Factory | Preloaded Alien Tech Used ----------------- None Achievements -------------- None Challenges ------------ None Game ------ Seed NullArmoredTerminator Manual? 0 Play Time 02:32:41 Cumulative 267.8 hours Start 2021.10.27 @ 14:19:46 End 2021.10.27 @ 16:50:52 Sessions 1 Manual Loads 0 Difficulty Rogue Special Mode None Game No. 306 Rogue 306 Adventurer 0 Explorer 0 Win Type - Total 14 Types 9/1/2/2/0/0/0/0/0 Lore% 88 Gallery% 85 Achievement% 72 Wizard Run 0 Options --------- ASCII 0 Keyboard 0 Movement Arrows Keybinds 0 Fullscreen 1 Font 18/SmallcapsGlow Map View 76x50 Tactical HUD 1 Map Filters NONE Filters NONE Steam 1 RUN: 450ae88b-d608-4808-a901-b15c1e9f832f